 Dungeon Crawl Stone Soup version 0.32-a0-699-g1ee5eff69a (webtiles) character file.

Game seed: 3131566130659369719

4 cforsyth the Firebug (level 1, 0/19 HPs)
             Began as a Mountain Dwarf Cinder Acolyte on Mar 13, 2024.
             Was a High Priest of Ignis.
             Slain by a jackal (1 damage)
             ... on level 1 of the Dungeon.
             The game lasted 00:00:19 (77 turns).

cforsyth the Firebug (Mountain Dwarf Cinder Acolyte)  Turns: 77, Time: 00:00:19

Health: 0/19       AC:  2    Str: 16    XL:     1   Next: 58%
Magic:  2/2        EV: 10    Int: 14    God:    Ignis [*****.]
Gold:   21         SH:  0    Dex:  5    Spells: 2/2 levels left

rFire   + . .        a - -1 hand axe (flame)
rCold   . . .        (no shield)
rNeg    . . .        b - +0 robe
rPois   .            (no helmet)
rElec   .            (no cloak)
rCorr   .            (no gloves)
SInv    .            (no boots)
Will    .....        (no amulet)
Stlth   +            (no ring)
HPRegen 0.23/turn    (no ring)
MPRegen 0.08/turn

%: no passive effects
@: no status effects
A: runic magic, artefact enchanting
a: Renounce Religion, Fiery Armour, Foxfire Swarm, Rising Flame


You were on level 1 of the Dungeon.
You worshipped Ignis.
Ignis was extremely pleased with you.
You visited 1 branch of the dungeon, and saw 1 of its levels.

You collected 21 gold pieces.


Innate Abilities, Weirdness & Mutations

Your spellcasting is much less encumbered by armour.
You can use scrolls of enchantment on lesser artefacts.


   Skills:
 + Level 3.3 Fighting
 + Level 3.7 Axes
 + Level 0.3 Armour
 + Level 1.0 Spellcasting
 + Level 3.7 Fire Magic


You had 2 spell levels left.
You didn't know any spells.
Your spell library contained the following spells:

 Spells                   Type           Power      Damage    Failure   Level
 Scorch                   Fire           22%        2d5       9%          2

Inventory:

Hand Weapons
 a - a -1 hand axe of flaming (weapon)
Armour
 b - a +0 robe (worn)

Dungeon Overview and Level Annotations

Branches:
Dungeon (1/15)

Altars:

..........# #####....
.!?.......## ###...^....
...........## ##....P~~P..
...!........###......(~..P
.............##.~...~..~P.
.........b#....~..P.P.....
#########b#..†......~~....
#h##.......PP~.P..
#@##.....†~.....P.
#.###..........~P. #.#
#..##...P.≈.P~ #.#
##.##P~##≈~P.~ #.#
#.###P~≈#~~~~ #.# ..#
######..# #.# .## #### #.#
.#


You could see a jackal and 2 bats.


Message History

The bat hits you but does no damage. x2
The bat completely misses you. The bat hits you but does no damage.
The jackal barely misses you. The jackal attacks as it pursues you!
The jackal bites you.
* * * LOW HITPOINT WARNING * * *
The jackal barely misses you.
You hit the jackal but do no damage. The jackal barely misses you.
You barely miss the jackal. The jackal closely misses you. x2
You hit the jackal. You burn the jackal.
The jackal is severely wounded.
The jackal barely misses you.
You hit the jackal but do no damage.
The jackal is severely wounded.
The jackal bites you.
* * * LOW HITPOINT WARNING * * *
The jackal barely misses you.
You closely miss the jackal.
The jackal is severely wounded.
The jackal barely misses you. The jackal closely misses you.
You aren't carrying any potions.
You aren't carrying any scrolls.
You hit the jackal. You burn the jackal.
You kill the jackal!
The jackal bites you.
* * * LOW HITPOINT WARNING * * *
You hit the jackal. You burn the jackal.
You kill the jackal!
You closely miss the jackal. The jackal bites you.
You die...
Ignis goes out, and joins you in death.

Action                     || total
---------------------------++-------
  Melee: Hand axe          ||    21
 Armour: Robe              ||    37
  Dodge: Dodged            ||    31

Levels and vault maps discovered:
D:1:      lemuel_arrival_muddy, layout_rooms, hellmonk_ecumenical_altar_blasted

Notes
Turn   | Place    | Note
-------+----------+-------------------------------------------
     0 | D:1      | cforsyth the Mountain Dwarf Cinder Acolyte began the quest
                  | for the Orb.
     0 | D:1      | Reached XP level 1. HP: 19/19 MP: 2/2
    75 | D:1      | HP: 1/19 [jackal (3)]
    77 | D:1      | Slain by a jackal

Vanquished Creatures
  A bat (D:1)
  2 jackals (D:1)
  A ball python (D:1)
4 creatures vanquished.

Table legend: (Time is in decaauts)
 A = Elapsed time spent in this place.
 B = Non-inter-level travel time spent in this place.
 C = Inter-level travel time spent in this place.
 D = Time resting spent in this place.
 E = Time spent auto-exploring this place.
 F = Levels seen in this place.
 G = Mean time per level.
                   A        B        C        D        E       F      G
               +--------+--------+--------+--------+--------+-----+--------+
         Total |     81 |     81 |      0 |      0 |     38 |   1 |   81.0 |
       Dungeon |     81 |     81 |      0 |      0 |     38 |   1 |   81.0 |
               +--------+--------+--------+--------+--------+-----+--------+

Top non-repeatable levels by time:
     D:1: 81 daAuts

Table legend:
 A = Non-vault XP
 B = Vault XP
 C = Vault XP percentage of total XP
 D = Non-vault monster count
 E = Vault monster count
 F = Vault count percentage of total count
                 A         B        C        D         E       F
            +---------+---------+-------+---------+---------+-------
      Total |       7 |       0 |   0.0 |       4 |       0 |   0.0
            +---------+---------+-------+---------+---------+-------
        D:1 |       7 |       0 |   0.0 |       4 |       0 |   0.0
            +---------+---------+-------+---------+---------+-------
